[Event "Turkish Youth Championship 2024"]
[Site "Samsun"]
[Date "2024.05.21"]
[Round "5"]
[White "Duygulu, Ugur"]
[Black "Kalyoncu, Beren"]
[Result "0-1"]
[ECO "C02"]
[WhiteElo "1585"]
[BlackElo "1737"]
[Annotator "NA RC"]
[PlyCount "118"]
[EventDate "2024.05.18"]
[EventType "swiss"]
[EventCountry "TUR"]
[SourceTitle "playchess.com"]
[Source "ChessBase"]
[SourceQuality "1"]
[TimeControl "5400+30"]

1. e4 e6 2. d4 d5 3. e5 c5 4. c3 Qb6 5. Nf3 Bd7 6. Na3 cxd4 7. cxd4 Bb4+ 8. Bd2 Ne7 9. Bd3 Nbc6 10. Nc2 Bxd2+ 11. Qxd2 Na5 12. Na3 Nec6 13. Nb5 Nxe5 14. Nd6+ Qxd6 15. dxe5 Qb6 16. b4 Nc6 17. Rb1 h6 18. Bc2 Qc7 19. Qe2 Rc8 20. Bd3 Nd4 21. Nxd4 Qc3+ 22. Qd2 Qxd4 23. Qe2 Qc3+ 24. Kf1 O-O 25. g3 f6 26. exf6 Qxf6 27. Kg2 e5 28. f3 Qe6 29. Rhf1 Rce8 30. Rbc1 a6 31. Rfe1 Qh3+ 32. Kg1 Qh5 33. g4 Qg5 34. Rc5 Kh8 35. Rxd5 Bc6 36. Rxe5 Rxe5 37. Qxe5 Qd2 38. Qe7 Rg8 39. Qe2 Qxb4 40. Rf1 Qd4+ 41. Rf2 Re8 42. Qd2 Bxf3 43. Bf5 Qb6 44. Kf1 Rd8 45. Qxd8+ Qxd8 46. Rxf3 Qd1+ 47. Kg2 Qd2+ 48. Rf2 Qd5+ 49. Kg3 g6 50. Bb1 Kg7 51. h3 b5 52. Kh2 a5 53. Kg3 b4 54. Kh2 a4 55. Re2 Qd1 56. Rb2 b3 57. Be4 Qd4 58. Re2 bxa2 59. h4 a1=Q 0-1

[Event "Turkish Youth Championship 2024"]
[Site "Samsun"]
[Date "2024.05.21"]
[Round "5"]
[White "Kesici, Eyup Can"]
[Black "Apaydin, Mehmet Kagan"]
[Result "1/2-1/2"]
[ECO "D00"]
[WhiteElo "1539"]
[BlackElo "1650"]
[Annotator "NA RC"]
[PlyCount "128"]
[EventDate "2024.05.18"]
[EventType "swiss"]
[EventCountry "TUR"]
[SourceTitle "playchess.com"]
[Source "ChessBase"]
[SourceQuality "1"]
[TimeControl "5400+30"]

1. d4 d5 2. e3 Nf6 3. Bd3 g6 4. Nd2 Bg7 5. f4 c5 6. c3 Bf5 7. Bxf5 gxf5 8. Ndf3 Nc6 9. Qa4 Ne4 10. Ne5 Bxe5 11. fxe5 e6 12. Nf3 f6 13. Qb5 Qb6 14. Qxb6 axb6 15. exf6 Kf7 16. Rg1 Rhg8 17. Bd2 Na5 18. Ne5+ Kxf6 19. O-O-O c4 20. Be1 Nc6 21. Bh4+ Ng5 22. Bxg5+ Rxg5 23. Nxc6 bxc6 24. a3 Rag8 25. Rd2 Rh5 26. g3 Rh3 27. Rf2 Rg4 28. Rgg2 c5 29. Rf4 Rxf4 30. exf4 h5 31. a4 cxd4 32. cxd4 h4 33. Kd2 hxg3 34. hxg3 Rh1 35. Kc3 Rd1 36. Kb4 Rd3 37. Kb5 Rb3+ 38. Kc6 Rb4 39. Kd6 Rxa4 40. Re2 Rb4 41. Rxe6+ Kf7 42. Re2 Rb3 43. Ke5 b5 44. Kxf5 Rxg3 45. Ke5 Rf3 46. Kxd5 Rxf4 47. Kc5 Rf5+ 48. Re5 Rf4 49. d5 Rf2 50. Kxb5 Rxb2+ 51. Kxc4 Kf6 52. Re6+ Kf7 53. Kc5 Ra2 54. Kb6 Rd2 55. Kc6 Rc2+ 56. Kd7 Ra2 57. Rc6 Ra8 58. d6 Ra7+ 59. Rc7 Ra6 60. Kc8+ Kf8 61. d7 Ra8+ 62. Kb7 Rd8 63. Rc8 Ke7 64. Kc7 Rxd7+ 1/2-1/2

[Event "Turkish Youth Championship 2024"]
[Site "Samsun"]
[Date "2024.05.21"]
[Round "5"]
[White "Uslu, Tarik"]
[Black "Danaci, Ege"]
[Result "0-1"]
[ECO "B45"]
[WhiteElo "1483"]
[BlackElo "2031"]
[Annotator "RC"]
[PlyCount "82"]
[EventDate "2024.05.18"]
[EventType "swiss"]
[EventCountry "TUR"]
[SourceTitle "playchess.com"]
[Source "ChessBase"]
[SourceQuality "1"]
[TimeControl "5400+30"]

1. e4 c5 2. Nf3 e6 3. d4 cxd4 4. Nxd4 Nf6 5. Nc3 Nc6 6. f3 Qb6 7. Be3 Bc5 8. Na4 Qa5+ 9. c3 Bxd4 10. Bxd4 Nxd4 11. Qxd4 e5 12. Qd1 O-O 13. Bd3 d5 14. b4 Qd8 15. exd5 Nxd5 16. Be4 Be6 17. Bxd5 Bxd5 18. O-O Rc8 19. Rf2 Bc6 20. Nc5 b6 21. Nb3 Bb5 22. Qe1 Qc7 23. Rc2 Bd3 24. Rcc1 Rfd8 25. a4 a5 26. c4 axb4 27. Qxb4 h5 28. c5 bxc5 29. Rxc5 Qa7 30. Kh1 Rb8 31. Qh4 Qd7 32. Nc1 Bf1 33. Qf2 Qd1 34. Nb3 Bxg2+ 35. Kxg2 Qxb3 36. Rxe5 Rd3 37. a5 Qc3 38. Rae1 Rb2 39. Re8+ Kh7 40. R8e2 Rxe2 41. Qxe2 Rd2 0-1

[Event "Turkish Youth Championship 2024"]
[Site "Samsun"]
[Date "2024.05.21"]
[Round "5"]
[White "Akyuz, Pars"]
[Black "Nurdogan, Ilgin Destina"]
[Result "1-0"]
[ECO "E32"]
[WhiteElo "1461"]
[BlackElo "1699"]
[Annotator "NA RC"]
[PlyCount "127"]
[EventDate "2024.05.18"]
[EventType "swiss"]
[EventCountry "TUR"]
[SourceTitle "playchess.com"]
[Source "ChessBase"]
[SourceQuality "1"]
[TimeControl "5400+30"]

1. d4 Nf6 2. c4 e6 3. Nc3 Bb4 4. Qc2 O-O 5. Nf3 b6 6. e4 d5 7. e5 Ne4 8. a3 Bxc3+ 9. bxc3 Bb7 10. Bd3 Nd7 11. cxd5 exd5 12. O-O h6 13. Nd2 Nxd2 14. Bxd2 a5 15. Rae1 Ba6 16. Bxa6 Rxa6 17. f4 b5 18. f5 a4 19. Qd3 Re8 20. Qg3 Kh8 21. f6 Rg8 22. Qh4 Kh7 23. Rf3 g5 24. Qh5 Rg6 25. Rh3 Nxf6 26. exf6 Qxf6 27. Rf3 Qg7 28. Re5 c5 29. Rxd5 cxd4 30. Rxd4 Raf6 31. Qg4 Qf8 32. Qe4 Rxf3 33. Qxf3 Kg7 34. c4 Rf6 35. Qe3 Re6 36. Qc3 Rf6 37. cxb5 Qe7 38. Rd3 g4 39. Be3 Kh7 40. Qc2 Kg8 41. Qxa4 Qe5 42. Qxg4+ Kh7 43. Qd4 Qxb5 44. Qxf6 Qxd3 45. Qxf7+ Kh8 46. Qf8+ Kh7 47. Qxh6+ Kg8 48. Qf4 Qxa3 49. Qg3+ Kh7 50. Qf2 Qa1+ 51. Qf1 Qa3 52. Bf2 Qb3 53. h3 Qb8 54. g3 Qb3 55. Kh2 Qf3 56. Qg2 Qf5 57. g4 Qf4+ 58. Qg3 Qc4 59. g5 Kg7 60. h4 Qf7 61. Bd4+ Kg8 62. Qb8+ Kh7 63. Qh8+ Kg6 64. Qf6+ 1-0

[Event "Turkish Youth Championship 2024"]
[Site "Samsun"]
[Date "2024.05.21"]
[Round "6"]
[White "Cilek, Bora"]
[Black "Yogurtcuoglu, Cagan"]
[Result "1-0"]
[ECO "B31"]
[WhiteElo "2246"]
[BlackElo "1714"]
[Annotator "RC"]
[PlyCount "50"]
[EventDate "2024.05.18"]
[EventType "swiss"]
[EventCountry "TUR"]
[SourceTitle "playchess.com"]
[Source "ChessBase"]
[SourceQuality "1"]
[TimeControl "5400+30"]

1. e4 c5 2. Nf3 Nc6 3. Bb5 g6 4. Bxc6 dxc6 5. d3 Bg7 6. O-O Nf6 7. h3 Nd7 8. Nc3 e5 9. Be3 Qe7 10. Qd2 Nf8 11. Bh6 f6 12. Nh2 Ne6 13. Ne2 O-O 14. Bxg7 Qxg7 15. f4 exf4 16. Nxf4 Nxf4 17. Qxf4 f5 18. exf5 Rxf5 19. Qc4+ Rd5 20. Rae1 Bd7 21. Ng4 Bxg4 22. Qxg4 Qd7 23. Qh4 g5 24. Qh6 Re8 25. Kh1 Rxe1 1-0

[Event "Turkish Youth Championship 2024"]
[Site "Samsun"]
[Date "2024.05.21"]
[Round "6"]
[White "Topuz, Mirac Melih"]
[Black "Akyuz, Pars"]
[Result "1-0"]
[ECO "D02"]
[WhiteElo "2079"]
[BlackElo "1461"]
[Annotator "RC"]
[PlyCount "99"]
[EventDate "2024.05.18"]
[EventType "swiss"]
[EventCountry "TUR"]
[SourceTitle "playchess.com"]
[Source "ChessBase"]
[SourceQuality "1"]
[TimeControl "5400+30"]

1. d4 d5 2. Nf3 Nf6 3. g3 c6 4. Bg2 Bg4 5. O-O e6 6. Nbd2 Be7 7. h3 Bxf3 8. Nxf3 O-O 9. c4 Nbd7 10. Qc2 Rc8 11. c5 Re8 12. b4 Bf8 13. Bb2 g6 14. Rad1 Bg7 15. Nd2 e5 16. dxe5 Nxe5 17. e4 Qc7 18. f4 Nc4 19. Nxc4 dxc4 20. Qxc4 Nh5 21. Bxg7 Nxg7 22. Rd6 Rcd8 23. Rfd1 Rxd6 24. Rxd6 Rd8 25. Qd4 Ne6 26. Rxd8+ Nxd8 27. Qd6 Qc8 28. Bf1 Ne6 29. Bc4 Ng7 30. Qe7 Qe8 31. Qxb7 Ne6 32. Bxe6 Qxe6 33. Qb8+ Kg7 34. Qe5+ Qxe5 35. fxe5 Kf8 36. Kf2 Ke7 37. Ke3 Ke6 38. Kd4 a6 39. g4 g5 40. a4 h6 41. b5 cxb5 42. axb5 axb5 43. c6 Ke7 44. Kc5 Kd8 45. Kxb5 Kc7 46. Kc5 Kc8 47. Kd6 Kd8 48. c7+ Kc8 49. Kc6 f5 50. e6 1-0

[Event "Turkish Youth Championship 2024"]
[Site "Samsun"]
[Date "2024.05.21"]
[Round "6"]
[White "Danaci, Ege"]
[Black "Uzdemir, Ali Poyraz"]
[Result "1-0"]
[ECO "C90"]
[WhiteElo "2031"]
[BlackElo "1898"]
[Annotator "RC"]
[PlyCount "91"]
[EventDate "2024.05.18"]
[EventType "swiss"]
[EventCountry "TUR"]
[SourceTitle "playchess.com"]
[Source "ChessBase"]
[SourceQuality "1"]
[TimeControl "5400+30"]

1. e4 e5 2. Nf3 Nc6 3. Bb5 a6 4. Ba4 Nf6 5. O-O b5 6. Bb3 Be7 7. Re1 d6 8. c3 Bg4 9. d3 O-O 10. Nbd2 h6 11. Nf1 Na5 12. Bc2 c5 13. h3 Bc8 14. d4 Qc7 15. b3 Bd7 16. d5 Nb7 17. c4 Ne8 18. Ng3 g5 19. Nh2 Qc8 20. Nf5 Bxf5 21. exf5 Bf6 22. h4 Qd8 23. Ng4 Kg7 24. Nxf6 Nxf6 25. hxg5 hxg5 26. Bxg5 Rh8 27. f4 Qg8 28. fxe5 dxe5 29. Qf3 Re8 30. Qg3 Nh5 31. f6+ Kf8 32. Qe3 Nf4 33. Bxf4 Qg4 34. Bh6+ Kg8 35. Qg5+ Qxg5 36. Bxg5 Nd6 37. Re3 Rh5 38. Rg3 Kh8 39. Be3 bxc4 40. Bxc5 Nb7 41. Be7 cxb3 42. axb3 e4 43. Bxe4 Nc5 44. Bf3 Rh7 45. Bxc5 Re4 46. Bxe4 1-0

[Event "Turkish Youth Championship 2024"]
[Site "Samsun"]
[Date "2024.05.21"]
[Round "6"]
[White "Buyuk, Eymen Eren"]
[Black "Incecinar, Abdullah Mete"]
[Result "0-1"]
[ECO "E73"]
[WhiteElo "1999"]
[BlackElo "1643"]
[Annotator "RC"]
[PlyCount "52"]
[EventDate "2024.05.18"]
[EventType "swiss"]
[EventCountry "TUR"]
[SourceTitle "playchess.com"]
[Source "ChessBase"]
[SourceQuality "1"]
[TimeControl "5400+30"]

1. d4 Nf6 2. c4 g6 3. Nc3 Bg7 4. e4 d6 5. Be2 O-O 6. Be3 Na6 7. g4 c5 8. d5 e6 9. g5 Ne8 10. h4 exd5 11. cxd5 b5 12. Bxb5 Rb8 13. Nge2 Qa5 14. a4 Bg4 15. O-O Bf3 16. Qd2 Nb4 17. Bf4 f5 18. gxf6 Bxf6 19. Qe3 Bxe2 20. Nxe2 Nc2 21. Qh3 Nxa1 22. Rxa1 Rxb5 23. Qe6+ Kh8 24. Bxd6 Rb6 25. e5 Nxd6 26. exf6 Ne8 0-1

[Event "Turkish Youth Championship 2024"]
[Site "Samsun"]
[Date "2024.05.21"]
[Round "6"]
[White "Ilgaz, Yusuf Kerem"]
[Black "Zerey, Demhat"]
[Result "1/2-1/2"]
[ECO "C78"]
[WhiteElo "1964"]
[BlackElo "1986"]
[Annotator "RC"]
[PlyCount "60"]
[EventDate "2024.05.18"]
[EventType "swiss"]
[EventCountry "TUR"]
[SourceTitle "playchess.com"]
[Source "ChessBase"]
[SourceQuality "1"]
[TimeControl "5400+30"]

1. e4 e5 2. Nf3 Nc6 3. Bb5 a6 4. Ba4 Nf6 5. O-O b5 6. Bb3 Bc5 7. a4 Rb8 8. Nxe5 Nxe5 9. d4 Bxd4 10. Qxd4 d6 11. f4 Ng6 12. e5 dxe5 13. Qxd8+ Kxd8 14. fxe5 Nxe5 15. axb5 axb5 16. Nc3 b4 17. Bf4 Ng6 18. Rad1+ Bd7 19. Nd5 Nxd5 20. Rxd5 Nxf4 21. Rxf4 Kc8 22. Rg5 g6 23. Rxf7 Rb5 24. Rxb5 Bxb5 25. Rf4 c5 26. Bc4 Bc6 27. Rf7 Rd8 28. Bd3 Rd7 29. Rf8+ Kc7 30. Rf4 Re7 1/2-1/2

[Event "Turkish Youth Championship 2024"]
[Site "Samsun"]
[Date "2024.05.21"]
[Round "6"]
[White "Dogan, Umut Anil"]
[Black "Kozan, Hayreddin"]
[Result "1-0"]
[ECO "D02"]
[WhiteElo "1959"]
[BlackElo "1600"]
[Annotator "RC"]
[PlyCount "67"]
[EventDate "2024.05.18"]
[EventType "swiss"]
[EventCountry "TUR"]
[SourceTitle "playchess.com"]
[Source "ChessBase"]
[SourceQuality "1"]
[TimeControl "5400+30"]

1. Nf3 d5 2. g3 Nd7 3. d4 Nb6 4. Nbd2 Nf6 5. c4 dxc4 6. Nxc4 Nxc4 7. Qa4+ c6 8. Qxc4 Bf5 9. Bg2 Be4 10. O-O e6 11. Bg5 Be7 12. Rfd1 Qd5 13. Qxd5 exd5 14. Ne5 Bxg2 15. Kxg2 h6 16. Bf4 O-O 17. Rd3 Ne4 18. Rb3 Nd6 19. Rc1 Rfc8 20. Nd3 b6 21. Bxd6 Bxd6 22. Rbc3 c5 23. dxc5 bxc5 24. Nxc5 Be5 25. R3c2 Rab8 26. Nd7 Rxc2 27. Rxc2 Rxb2 28. Rc8+ Kh7 29. Nxe5 Rxe2 30. Nxf7 Rxa2 31. Rd8 Rd2 32. Ne5 a6 33. Rd6 d4 34. Nf3 1-0

[Event "Turkish Youth Championship 2024"]
[Site "Samsun"]
[Date "2024.05.21"]
[Round "6"]
[White "Turgut, Hakan"]
[Black "Gokturk, Murat Kutay"]
[Result "1-0"]
[ECO "B33"]
[WhiteElo "1954"]
[BlackElo "1862"]
[Annotator "RC"]
[PlyCount "159"]
[EventDate "2024.05.18"]
[EventType "swiss"]
[EventCountry "TUR"]
[SourceTitle "playchess.com"]
[Source "ChessBase"]
[SourceQuality "1"]
[TimeControl "5400+30"]

1. e4 c5 2. Nf3 Nc6 3. d4 cxd4 4. Nxd4 Qb6 5. Nb3 Nf6 6. Bd3 e6 7. Be3 Qc7 8. f4 d6 9. Nc3 Be7 10. Qf3 a6 11. O-O-O b5 12. g4 Bb7 13. g5 Nd7 14. Qh3 Nb4 15. Kb1 Nxd3 16. cxd3 b4 17. Ne2 O-O 18. Rhg1 g6 19. f5 exf5 20. exf5 Rfe8 21. Rc1 Qd8 22. Rc4 Bc8 23. fxg6 fxg6 24. Qe6+ Kg7 25. Qd5 Ne5 26. Ng3 Rb8 27. Nd4 Bf8 28. Rc2 a5 29. Rgc1 Kh8 30. Rc7 Re7 31. Rxe7 Qxe7 32. Nc2 b3 33. axb3 Be6 34. Qxa5 Nxd3 35. Rd1 Rxb3 36. Bd4+ Bg7 37. Na1 Nxb2 38. Nxb3 Nxd1 39. Qb4 Qc7 40. Bxg7+ Qxg7 41. Nd4 Qe7 42. Nxe6 Qxe6 43. Qd4+ Qe5 44. Qxd1 Qb5+ 45. Ka2 Qa5+ 46. Kb2 Qb4+ 47. Qb3 Qd2+ 48. Qc2 Qb4+ 49. Ka2 Qa5+ 50. Kb1 Qxg5 51. Qc8+ Kg7 52. Qd7+ Kg8 53. Qe6+ Kg7 54. Qxd6 Qb5+ 55. Kc2 Qc4+ 56. Kd2 Qa2+ 57. Ke3 Qb3+ 58. Qd3 Qe6+ 59. Kf2 Qf6+ 60. Kg2 Qb2+ 61. Qe2 Qb7+ 62. Ne4 h5 63. Qc2 Kh7 64. Qd3 Qc6 65. Qd7+ Qxd7 66. Nf6+ Kh6 67. Nxd7 g5 68. Kf3 Kg7 69. Ke4 Kg6 70. h3 Kh6 71. Kf5 g4 72. h4 Kg7 73. Ne5 Kh6 74. Kf6 Kh7 75. Kg5 Kg7 76. Kxh5 g3 77. Nf3 g2 78. Kg4 Kg6 79. Kg3 Kh5 80. Ng1 1-0

[Event "Turkish Youth Championship 2024"]
[Site "Samsun"]
[Date "2024.05.21"]
[Round "6"]
[White "Ozgun, Yigit Deniz"]
[Black "Ozmen, Sevket Mert"]
[Result "1-0"]
[ECO "D02"]
[WhiteElo "1917"]
[BlackElo "1749"]
[Annotator "NA RC"]
[PlyCount "50"]
[EventDate "2024.05.18"]
[EventType "swiss"]
[EventCountry "TUR"]
[SourceTitle "playchess.com"]
[Source "ChessBase"]
[SourceQuality "1"]
[TimeControl "5400+30"]

1. d4 d5 2. Nf3 Nf6 3. Bf4 c5 4. e3 Nc6 5. Nbd2 Bf5 6. dxc5 e6 7. b4 Nxb4 8. Bb5+ Nc6 9. Nd4 Rc8 10. N2b3 Be7 11. Nxc6 bxc6 12. Ba6 Ne4 13. Bxc8 Qxc8 14. Be5 O-O 15. O-O f6 16. Bb2 Nxc5 17. Ba3 Nxb3 18. Bxe7 Nxa1 19. Bxf8 Nxc2 20. Bc5 Qa6 21. Qb1 Kf7 22. Qb8 Qe2 23. Qxa7+ Kg6 24. Bf8 Bd3 25. Qxg7+ Kf5 1-0

[Event "Turkish Youth Championship 2024"]
[Site "Samsun"]
[Date "2024.05.21"]
[Round "6"]
[White "Ekinci, Berkay"]
[Black "Cagatay, Mehmet Kayra"]
[Result "0-1"]
[ECO "E20"]
[WhiteElo "1891"]
[BlackElo "1717"]
[Annotator "NA RC"]
[PlyCount "58"]
[EventDate "2024.05.18"]
[EventType "swiss"]
[EventCountry "TUR"]
[SourceTitle "playchess.com"]
[Source "ChessBase"]
[SourceQuality "1"]
[TimeControl "5400+30"]

1. d4 Nf6 2. c4 e6 3. Nc3 Bb4 4. f3 d6 5. Bg5 Nbd7 6. e4 e5 7. d5 h6 8. Bh4 Bxc3+ 9. bxc3 Nf8 10. Qd2 Nxe4 11. Bxd8 Nxd2 12. Kxd2 Kxd8 13. Ne2 Nd7 14. Ng3 Nc5 15. Be2 f5 16. Raf1 Rf8 17. h4 g6 18. f4 exf4 19. Rxf4 g5 20. hxg5 hxg5 21. Rff1 f4 22. Bd3 Nxd3 23. Kxd3 Re8 24. Ne4 Bf5 25. Re1 Kd7 26. Rh5 Rxe4 27. Rxe4 Re8 28. Rxg5 Bxe4+ 29. Kd4 b6 0-1

[Event "Turkish Youth Championship 2024"]
[Site "Samsun"]
[Date "2024.05.21"]
[Round "6"]
[White "Cicek, Bilal Emre"]
[Black "Kesici, Eyup Can"]
[Result "1-0"]
[ECO "A22"]
[WhiteElo "1873"]
[BlackElo "1539"]
[Annotator "NA RC"]
[PlyCount "73"]
[EventDate "2024.05.18"]
[EventType "swiss"]
[EventCountry "TUR"]
[SourceTitle "playchess.com"]
[Source "ChessBase"]
[SourceQuality "1"]
[TimeControl "5400+30"]

1. c4 e5 2. g3 Nf6 3. Bg2 Nc6 4. Nc3 Bc5 5. a3 a6 6. e3 d6 7. Nge2 O-O 8. O-O Ba7 9. d3 Be6 10. Nd5 Bxd5 11. cxd5 Ne7 12. Nc3 h6 13. b4 Nh7 14. Kh1 Ng6 15. d4 f5 16. dxe5 Nxe5 17. Ne2 Nc4 18. Nf4 Qf6 19. Ra2 Ng5 20. Qc2 b5 21. Re1 Rae8 22. Bb2 Nxb2 23. Qxb2 Qxb2 24. Rxb2 Rc8 25. Rc1 Bb6 26. Rbc2 Rfe8 27. h4 Nf7 28. Bh3 Ne5 29. Bxf5 Ra8 30. Ne6 Nc4 31. a4 Re7 32. a5 Ba7 33. Bd3 Bxe3 34. fxe3 Nxe3 35. Rxc7 Nxd5 36. Rxe7 Nxe7 37. Rc7 1-0

[Event "Turkish Youth Championship 2024"]
[Site "Samsun"]
[Date "2024.05.21"]
[Round "6"]
[White "Cetindag, Alper"]
[Black "Tirpan, Ceren"]
[Result "0-1"]
[ECO "B30"]
[WhiteElo "1839"]
[BlackElo "2004"]
[Annotator "RC"]
[PlyCount "56"]
[EventDate "2024.05.18"]
[EventType "swiss"]
[EventCountry "TUR"]
[SourceTitle "playchess.com"]
[Source "ChessBase"]
[SourceQuality "1"]
[TimeControl "5400+30"]

1. e4 c5 2. Nf3 Nc6 3. Bb5 e6 4. O-O Nge7 5. d4 cxd4 6. Nxd4 Nxd4 7. Qxd4 a6 8. Be2 Nc6 9. Qc3 b5 10. a4 b4 11. Qg3 Qf6 12. Nd2 Bc5 13. Nc4 O-O 14. Bd3 Qg6 15. Qh4 Be7 16. Qh3 e5 17. Nb6 Rb8 18. Nxc8 Rbxc8 19. Bxa6 Rc7 20. Be3 Na5 21. Bb6 Qxb6 22. Bd3 Qe6 23. Qxe6 fxe6 24. b3 Bc5 25. g3 Bd4 26. Rad1 Nb7 27. Rde1 Nc5 28. Bc4 Nxa4 0-1

[Event "Turkish Youth Championship 2024"]
[Site "Samsun"]
[Date "2024.05.21"]
[Round "6"]
[White "Hamurcu, Mehmet"]
[Black "Atis, Hasan"]
[Result "1-0"]
[ECO "B30"]
[WhiteElo "1832"]
[BlackElo "2014"]
[Annotator "RC"]
[PlyCount "101"]
[EventDate "2024.05.18"]
[EventType "swiss"]
[EventCountry "TUR"]
[SourceTitle "playchess.com"]
[Source "ChessBase"]
[SourceQuality "1"]
[TimeControl "5400+30"]

1. e4 c5 2. Nc3 Nc6 3. Bb5 Nd4 4. Nf3 e6 5. O-O a6 6. Bd3 Nc6 7. Ne2 Nf6 8. c3 d5 9. exd5 exd5 10. Ng3 g6 11. Re1+ Be7 12. Bc2 d4 13. d3 O-O 14. Bb3 Nd5 15. Bh6 Re8 16. Rc1 Be6 17. Ne4 dxc3 18. bxc3 Nc7 19. Neg5 Bd5 20. h4 Qd7 21. d4 c4 22. Bc2 f6 23. Nh3 Ba3 24. Rb1 Nb5 25. Bd2 Bd6 26. Ba4 Na3 27. Rb6 Bc7 28. Rxb7 Bh2+ 29. Nxh2 Qxb7 30. Ng4 Kf7 31. Nf4 Rxe1+ 32. Qxe1 Ne7 33. Ne3 Be4 34. f3 Bd3 35. Ng4 Bf5 36. Nh6+ Kg7 37. Ne6+ Bxe6 38. Qxe6 Rf8 39. Bd7 Qb1+ 40. Kh2 Qb8+ 41. g3 Qd8 42. Bf4 Nb5 43. a4 Nxc3 44. Bc7 Qxd7 45. Qxd7 Ncd5 46. Bd6 Kxh6 47. Bxe7 Nxe7 48. Qxe7 Rc8 49. Qe6 Rc7 50. Qxf6 Rd7 51. Qf8+ 1-0

[Event "Turkish Youth Championship 2024"]
[Site "Samsun"]
[Date "2024.05.21"]
[Round "6"]
[White "Zeyrek, Ayaz"]
[Black "Uslu, Tarik"]
[Result "1-0"]
[ECO "D77"]
[WhiteElo "1750"]
[BlackElo "1483"]
[Annotator "NA RC"]
[PlyCount "63"]
[EventDate "2024.05.18"]
[EventType "swiss"]
[EventCountry "TUR"]
[SourceTitle "playchess.com"]
[Source "ChessBase"]
[SourceQuality "1"]
[TimeControl "5400+30"]

1. d4 d5 2. Nf3 Nf6 3. c4 e6 4. g3 g6 5. Bg2 Bg7 6. O-O O-O 7. Qc2 Nbd7 8. Nc3 dxc4 9. e3 c6 10. Nd2 Nb6 11. b3 cxb3 12. axb3 Nfd5 13. Ba3 Re8 14. Nce4 e5 15. Nd6 Re6 16. Nxc8 Rxc8 17. e4 Ne7 18. Bh3 f5 19. Bxe7 Rxe7 20. exf5 exd4 21. Qd3 Ra8 22. fxg6 hxg6 23. Qxg6 Qe8 24. Qxe8+ Rexe8 25. Rfe1 Kf7 26. Ne4 Rh8 27. Nd6+ Kf6 28. Re6+ Kg5 29. f4+ Kh5 30. Bf1 Kg4 31. Be2+ Kh3 32. Rg6 1-0

[Event "Turkish Youth Championship 2024"]
[Site "Samsun"]
[Date "2024.05.21"]
[Round "6"]
[White "Kalyoncu, Beren"]
[Black "Selvi, Kaan"]
[Result "1-0"]
[ECO "B22"]
[WhiteElo "1737"]
[BlackElo "1881"]
[Annotator "NA RC"]
[PlyCount "87"]
[EventDate "2024.05.18"]
[EventType "swiss"]
[EventCountry "TUR"]
[SourceTitle "playchess.com"]
[Source "ChessBase"]
[SourceQuality "1"]
[TimeControl "5400+30"]

1. e4 c5 2. c3 d5 3. exd5 Qxd5 4. d4 Nc6 5. Nf3 cxd4 6. cxd4 e5 7. Nc3 Bb4 8. Be2 exd4 9. O-O Bxc3 10. bxc3 Nge7 11. Nxd4 Nxd4 12. cxd4 O-O 13. Bf3 Qa5 14. Bd2 Qd8 15. Bb4 Re8 16. d5 a5 17. Ba3 Nf5 18. Re1 Rxe1+ 19. Qxe1 Nd4 20. Qe4 Nxf3+ 21. Qxf3 Qf6 22. Qxf6 gxf6 23. Rb1 a4 24. Rb5 Rb8 25. Rb6 f5 26. Rd6 Be6 27. dxe6 fxe6 28. g3 b5 29. Bb4 Kf7 30. Rd7+ Kg6 31. a3 h5 32. Kg2 Kf6 33. Kf3 Kg6 34. Kf4 Rc8 35. Rb7 Rc2 36. Kf3 h4 37. Rxb5 h3 38. Rb6 Kf6 39. Rb7 Kg6 40. Ra7 Rc1 41. Rxa4 Rh1 42. Ra6 Rxh2 43. Rxe6+ Kh7 44. Re1 1-0

[Event "Turkish Youth Championship 2024"]
[Site "Samsun"]
[Date "2024.05.21"]
[Round "6"]
[White "Toptal, Uygar Altan"]
[Black "Kilic, Nurullah"]
[Result "1-0"]
[ECO "B36"]
[WhiteElo "1679"]
[BlackElo "1893"]
[Annotator "NA RC"]
[PlyCount "59"]
[EventDate "2024.05.18"]
[EventType "swiss"]
[EventCountry "TUR"]
[SourceTitle "playchess.com"]
[Source "ChessBase"]
[SourceQuality "1"]
[TimeControl "5400+30"]

1. e4 c5 2. Nf3 Nc6 3. d4 cxd4 4. Nxd4 g6 5. c4 Nf6 6. Nc3 Nxd4 7. Qxd4 d6 8. Be3 Bg7 9. Be2 O-O 10. Qd3 Be6 11. Rc1 Qa5 12. O-O Rac8 13. b3 a6 14. f4 Bd7 15. b4 Qd8 16. Rfd1 Ng4 17. Nd5 $14 Nxe3 18. Qxe3 Bc6 19. Nb6 Rb8 20. e5 Qe8 21. c5 dxe5 22. fxe5 f5 23. Bc4+ Kh8 24. g3 e6 25. Rd6 f4 26. gxf4 g5 27. Bxe6 gxf4 28. Qh3 Bxe5 29. Re1 Bxd6 30. Qc3+ 1-0

[Event "Turkish Youth Championship 2024"]
[Site "Samsun"]
[Date "2024.05.21"]
[Round "6"]
[White "Apaydin, Mehmet Kagan"]
[Black "Buyuk, Ecrin Efsa"]
[Result "0-1"]
[ECO "B10"]
[WhiteElo "1650"]
[BlackElo "1892"]
[Annotator "NA COMBH"]
[PlyCount "160"]
[EventDate "2024.05.18"]
[EventType "swiss"]
[EventCountry "TUR"]
[SourceTitle "playchess.com"]
[Source "ChessBase"]
[SourceQuality "1"]
[TimeControl "5400+30"]

1. e4 c6 2. Nf3 d5 3. d3 Bg4 4. Nbd2 e6 5. h3 Bh5 6. Be2 {[%emt 0:00:00] B10: Caro-Kann: 2 d3 and 2 c4.} Be7 7. O-O Nf6 8. Ne5 Bxe2 9. Qxe2 O-O 10. Ndf3 Qc7 11. Bf4 Bd6 12. exd5 exd5 13. d4 Ne4 14. Nd2 f6 15. Nxe4 dxe4 16. Qc4+ Kh8 17. Nf7+ Qxf7 18. Qxf7 Rxf7 19. Bxd6 Na6 20. c3 Rd8 21. Ba3 Nc7 22. Rae1 f5 23. f3 exf3 24. Rxf3 g6 25. Rfe3 Kg7 26. Re7 Rd7 27. R7e2 Nd5 28. c4 Nf6 29. Rd1 Ne4 30. Re3 Rd8 31. b3 Rfd7 32. d5 cxd5 33. Red3 Kf7 34. cxd5 Nf6 35. d6 Ne4 $15 36. g4 Ke6 37. Re1 Rc8 38. gxf5+ gxf5 39. Rg3 a5 40. Re2 b5 41. Bb2 Rxd6 42. Rg7 Rd7 43. Reg2 Rcd8 44. Rg8 Rd1+ 45. Kh2 Rxg8 46. Rxg8 Rd2+ 47. Rg2 Rxg2+ 48. Kxg2 f4 49. Kf3 Kf5 50. h4 Nc5 51. Bd4 Nd3 52. a4 bxa4 53. bxa4 Ne5+ 54. Kf2 Ke4 55. Bb6 Nc4 56. Bc7 h5 57. Bd8 Ke5 58. Kf3 Nd2+ 59. Ke2 Nc4 60. Kf3 Kf5 61. Bc7 Ne5+ 62. Kf2 Ke4 63. Bxa5 Nd3+ 64. Ke2 Nc5 65. Bc7 Nxa4 66. Bd8 Nc5 67. Bg5 Ne6 68. Be7 Kf5 69. Kf3 Nd4+ 70. Kf2 Kg4 71. Bg5 Nf5 72. Bxf4 Kxf4 73. Kg2 Kg4 74. Kh2 Kxh4 75. Kh1 Kg3 76. Kg1 h4 77. Kh1 h3 78. Kg1 Ne3 79. Kh1 Ng4 80. Kg1 h2+ 0-1